 Dungeon Crawl Stone Soup version 0.25.1-2-g60ff931df9 (webtiles) character file.

Game seed: 17267296486751984271

48 DildoBatman the Magician (level 4, -1/30 HPs)
             Began as a Formicid Wizard on Sept 11, 2020.
             Slain by a crimson imp (2 damage)
             ... on level 5 of the Dungeon.
             The game lasted 00:03:09 (1796 turns).

DildoBatman the Magician (Formicid Wizard)          Turns: 1796, Time: 00:03:10

Health: -1/30      AC:  4    Str: 12    XL:     4   Next: 0%
Magic:  8/8        EV: 11    Int: 18    God:
Gold:   26         SH:  0    Dex:  9    Spells: 8/9 levels left

rFire    . . .     SeeInvis +   f - +0 club
rCold    . . .     Gourm    .   (no shield)
rNeg     . . .     Faith    .   b - +0 leather armour (curse)
rPois    .         Spirit   .   (helmet unavailable)
rElec    .         Reflect  .   (no cloak)
rCorr    .         Harm     .   (no gloves)
MR       .....                  h - +0 pair of boots
Stlth    ++........             (no amulet)
HPRegen  0.10/turn              c - ring of teleportation (curse)
MPRegen  0.11/turn              d - ring of see invisible

@: no status effects
A: permanent stasis, dig shafts and tunnels, four strong arms, antennae 3
a: Dig, Shaft Self


You were on level 5 of the Dungeon.
You were near starving.

You visited 1 branch of the dungeon, and saw 4 of its levels.

You collected 26 gold pieces.

Inventory:

Hand Weapons
 f - a +0 club (weapon)
Missiles
 e - 32 stones (quivered)
 k - 51 bolts
 m - 9 sling bullets
Armour
 a - a +0 robe
 b - a cursed +0 leather armour (worn)
 h - a +0 pair of boots (worn)
Jewellery
 c - a cursed ring of teleportation (left hand)
 d - a ring of see invisible (right hand)
Scrolls
 g - a scroll of immolation {unknown}
 i - 2 scrolls of remove curse {unknown}
 n - a scroll of teleportation {unknown}
Potions
 l - a potion of stabbing {unknown}
Comestibles
 v - 2 rations


   Skills:
 - Level 1.7 Dodging
 - Level 2.4 Stealth
 - Level 3.2 Spellcasting
 * Level 3.1 Conjurations
   Level 1.0 Summonings
   Level 0.8 Translocations


You had 8 spell levels left.
You knew the following spells:

 Your Spells              Type           Power        Failure   Level  Hunger
c - Magic Dart            Conj           ##..         5%          1    None

Your spell library contained the following spells:

 Spells                   Type           Power        Failure   Level  Hunger
 Call Imp                 Summ           #.......     21%         2    ##.....
 Slow                     Hex            #.......     30%         2    ##.....
 Conjure Flame            Conj/Fire      #.......     32%         3    ###....
 Mephitic Cloud           Conj/Pois/Air  #.......     36%         3    ###....
 Blink                    Tloc           Unusable     N/A         2    N/A

Dungeon Overview and Level Annotations

Branches:
Dungeon (3/15)

Altars:
Yredelemnul


Innate Abilities, Weirdness & Mutations

You cannot be hasted, slowed, berserked, paralysed or teleported.
You can dig through walls and to a lower floor.
Your four strong arms can wield two-handed weapons with a shield.
You have a pair of large antennae on your head. (SInv)


Message History

Anything else - Cancel.
You shout for attention!
The crimson imp hits you. What are your orders? t - Shout!
Orders for allies: a - Attack new target. r - Retreat! s - Stop attacking. g - Guard the area. f - Follow me.
Anything else - Cancel.
You shout for attention!
The crimson imp barely misses you. What are your orders? t - Shout!
Orders for allies: a - Attack new target. r - Retreat! s - Stop attacking. g - Guard the area. f - Follow me.
Anything else - Cancel.
You shout for attention!
The crimson imp hits you.
You die...

... #.#
##.#
#...
#..#
#..#
#.5#
#.@#
#..#
....#
......#
########


You could see a crimson imp.

Vanquished Creatures
  3 adders (D:2)
  2 leopard geckos
  2 giant cockroaches
  A goblin (D:1)
  3 jackals (D:1)
  A ball python (D:1)
  3 bats (D:2)
  3 frilled lizards
  A kobold (D:1)
  2 rats
21 creatures vanquished.

Notes
Turn   | Place    | Note
-------+----------+-------------------------------------------
     0 | D:1      | DildoBatman the Formicid Wizard began the quest for the
                  | Orb.
     0 | D:1      | Reached XP level 1. HP: 13/13 MP: 4/4
    20 | D:1      | Reached skill level 1 in Conjurations
   207 | D:1      | Reached XP level 2. HP: 7/19 MP: 4/6
  1050 | D:2      | Reached XP level 3. HP: 7/24 MP: 0/7
  1580 | D:2      | Found a basalt altar of Yredelemnul.
  1624 | D:2      | Reached XP level 4. HP: 30/30 MP: 5/8
  1670 | D:2      | You fall into a shaft and drop 1 floor!
  1674 | D:3      | You fall into a shaft and drop 2 floors!
  1674 | D:5      | Entered Level 5 of the Dungeon
  1794 | D:5      | HP: 1/30 [crimson imp (2)]
  1796 | D:5      | Slain by a crimson imp

Illustrated notes

Levels and vault maps discovered:
D:1:      dpeg_arrival_pits, layout_loops_ring
D:2:      layout_loops_corners, grunt_temple_overflow_forces_of_nature,
          lemuel_coloured_pillars_altar
D:3:      kennysheep_the_goblin_king, layout_basic,
          chequers_ecumenical_altar_island, first_ration
D:5:      layout_loops_ring, minmay_temple_entry_glassed_door, basic_altar

Skill      XL: |  1  2  3 |
---------------+----------+-----
Conjurations   | 1 2 3 |  3.1
Dodging        | |  1.7
Stealth        | |  2.4
Spellcasting   | |  3.2
Summonings     | |  1.0
Translocations | |  0.8

Action                   |  1- 3 |  4- 6 || total
-------------------------+-------+-------++-------
Melee: Club              |    25 |     1 ||    26
 Cast: Magic Dart        |    46 |     1 ||    47
 Abil: Dig               |     3 |       ||     3
       Shaft Self        |       |     2 ||     2
  Use: Potion            |     1 |       ||     1
  Eat: Chunk             |     2 |       ||     2
Armor: Leather armour    |    14 |    34 ||    48
Dodge: Dodged            |    27 |    56 ||    83
